 Dungeon Crawl Stone Soup version 0.29-a0-103-g37f86683bf (webtiles) character file.

Game seed: 17536088116313344044

168 kae the Ruffian (level 5, -6/41 HPs)
             Began as a Draconian Transmuter on Feb 15, 2022.
             Mangled by an ogre (36 damage)
             ... on level 3 of the Dungeon.
             The game lasted 00:01:36 (3441 turns).

kae the Ruffian (Draconian Transmuter)              Turns: 3441, Time: 00:01:37

Health: -6/41      AC:  2    Str: 13    XL:     5   Next: 23%
Magic:  5/8        EV: 19    Int: 15    God:
Gold:   130        SH:  0    Dex: 16    Spells: 0/8 levels left

rFire   . . .      SeeInvis .     - Unarmed
rCold   . . .      Faith    .   (shield currently unavailable)
rNeg    . . .      Spirit   .   (armour unavailable)
rPois   x          Reflect  .   (helmet currently unavailable)
rElec   .          Harm     .   (cloak currently unavailable)
rCorr   .          Rampage  .   (gloves currently unavailable)
Will    .....                   (boots currently unavailable)
Stlth   +.........              (no amulet)
HPRegen 0.13/turn               (no ring)
MPRegen 0.11/turn               (no ring)

@: spider-form
A: venomous fangs, AC +5, tiny, unfitting armour, (cold-blooded)
a: End Transformation


You were on level 3 of the Dungeon.
You were a venomous arachnid creature.
You visited 1 branch of the dungeon, and saw 3 of its levels.

You collected 130 gold pieces.

Inventory:

Jewellery
 f - a +4 ring of evasion
Wands
 a - a wand of mindburst (1)
Scrolls
 b - 2 scrolls of identify
 c - a scroll of enchant armour
 g - a scroll of teleportation
Potions
 d - a potion of brilliance {unknown}
 e - a potion of heal wounds {unknown}


   Skills:
 + Level 2.0 Fighting
 + Level 2.3 Dodging
 * Level 3.8 Unarmed Combat
 + Level 2.4 Spellcasting
 * Level 3.2 Transmutations
 * Level 0.3 Ice Magic
 * Level 1.8 Poison Magic


You couldn't memorise any spells.
You knew the following spells:

 Your Spells              Type           Power      Damage    Failure   Level
a - Beastly Appendage     Tmut           22%        N/A       17%         1
b - Spider Form           Tmut/Pois      9%         N/A       43%         3
c - Ice Form              Ice/Tmut       7%         N/A       87%         4

Your spell library contained the following spells:

 Spells                   Type           Power      Damage    Failure   Level
 Wereblood                Tmut           11%        N/A       22%         2


Dungeon Overview and Level Annotations

Branches:
Dungeon (3/15)

Altars:
Qazlal


Innate Abilities, Weirdness & Mutations

You are a venomous arachnid creature.
You have poisonous fangs.
You are tiny and dextrous.
Your spellcasting is less reliable in this form.
Your armour is entirely melded.
You are incapable of wielding weapons or throwing items.
((Your plain brown scales are hard. (AC +5)))
You cannot fit into any form of body armour.
((You are cold-blooded and may be slowed by cold attacks.))


Message History

The endoplasm barely misses you. The endoplasm freezes you.
You are frozen.
You barely miss the endoplasm. The endoplasm closely misses you.
You barely miss the endoplasm. You headbutt the endoplasm.
You tail-slap the endoplasm, but do no damage.
The endoplasm is severely wounded.
The endoplasm freezes you.
You are frozen.
You feel yourself slow down.
You hit the endoplasm.
You kill the endoplasm!
Your transformation is almost over.
You feel yourself speed up.
No target in view!
Your horns disappear.
Your talons disappear.
Key pressed, stopping explore.
No target in view!
No target in view!
Found an escape hatch in the ceiling.
You see here a +0 pair of boots.
You now have 130 gold pieces (gained 18).
g - a scroll of teleportation An ogre comes into view.
It is wielding a +0 giant spiked club.
The ogre shouts!
An ogre is nearby!
An ogre is nearby!
The ogre hits you with a +0 giant spiked club!
Casting: Beastly Appendage (safe; 6% risk of failure)
Confirm with . or Enter, or press ? or * to list all spells.
The spell is quite dangerous to miscast (22% risk of failure)!
Continue anyway? [Y]es or [N]o only, please.
The spell is quite dangerous to miscast (22% risk of failure)!
Continue anyway?
You turn into a venomous arachnid creature.
You bite the ogre!
The ogre is poisoned.
The ogre is moderately wounded.
The ogre misses you.
You hit the ogre.
The ogre looks as sick as possible!
The ogre is moderately wounded.
The ogre hits you with a +0 giant spiked club!!!
Ouch! That really hurt!
You die...

#.#### #....#
#.# #.# #.# #.#
#.######
#O##...##
#s#.....#
#.......#
###.....# #
##...###########
##.#...........
#.#.####..####
#.#.# #..# #
#.#.# #..# #
#.#.# #..# #


You could see an ogre (extremely poisoned).

Vanquished Creatures
  Jessica (D:2)
  4 adders
  4 gnolls (D:3)
  2 worms
  2 dart slugs (D:1)
  4 ball pythons
  5 bats
  9 endoplasms
  3 giant cockroaches
  5 goblins
  5 hobgoblins
  3 quokkas
  A frilled lizard (D:3)
  3 kobolds (D:1)
  3 rats
54 creatures vanquished.

Notes
Turn   | Place    | Note
-------+----------+-------------------------------------------
     0 | D:1      | kae the Draconian Transmuter began the quest for the Orb.
     0 | D:1      | Reached XP level 1. HP: 16/16 MP: 3/3
    50 | D:1      | Found a faded altar of an unknown god.
   187 | D:1      | Reached XP level 2. HP: 23/23 MP: 5/5
  1240 | D:1      | Reached XP level 3. HP: 22/28 MP: 4/6
  1244 | D:1      | Learned a level 3 spell: Spider Form
  2008 | D:2      | Noticed Jessica
  2022 | D:2      | Killed Jessica
  2023 | D:2      | Reached skill level 1 in Poison Magic
  2023 | D:2      | Reached XP level 4. HP: 26/36 MP: 3/7
  2835 | D:3      | Reached XP level 5. HP: 15/41 MP: 1/8
  3063 | D:3      | Found a stormy altar of Qazlal.
  3075 | D:3      | Learned a level 4 spell: Ice Form
  3432 | D:3      | Noticed an ogre
  3441 | D:3      | Mangled by an ogre

Illustrated notes

Levels and vault maps discovered:
D:1:      dpeg_arrival_concentric_ovals, layout_basic,
          ebering_ecumenical_altar_webs, minmay_fountain_box
D:2:      layout_basic, uniq_jessica
D:3:      layout_loops_ring, mainiacjoe_overflow_boulevard,
          mainiacjoe_overflow_small_starburst

Skill      XL: |  1  2  3  4 |
---------------+-------------+-----
Dodging        | 2 |  2.3
Poison Magic   | 1 |  1.8
Transmutations | 3 |  3.2
Fighting       | 2 |  2.0
Unarmed Combat | |  3.8
Spellcasting   | |  2.4
Ice Magic      | |  0.3

Action                   |  1- 3 |  4- 6 || total
-------------------------+-------+-------++-------
Melee: Unarmed           |   105 |    70 ||   175
       Kick              |    14 |    12 ||    26
       Headbutt          |     5 |     3 ||     8
       Tailslap          |    10 |     6 ||    16
       Punch             |     4 |       ||     4
 Cast: Beastly Appendage |    17 |    13 ||    30
       Spider Form       |     1 |     2 ||     3
  Use: Potion            |     2 |       ||     2
       Scroll            |     1 |     2 ||     3
 Stab: Sleeping          |     1 |     1 ||     2
Armor: Skin              |    39 |    18 ||    57
Dodge: Dodged            |    66 |    46 ||   112

Table legend: (Time is in decaauts)
 A = Elapsed time spent in this place.
 B = Non-inter-level travel time spent in this place.
 C = Inter-level travel time spent in this place.
 D = Time resting spent in this place.
 E = Time spent auto-exploring this place.
 F = Levels seen in this place.
 G = Mean time per level.
                   A        B        C        D        E       F      G
               +--------+--------+--------+--------+--------+-----+--------+
         Total |   3440 |   3376 |     64 |    258 |   2665 |   3 | 1146.7 |
       Dungeon |   3440 |   3376 |     64 |    258 |   2665 |   3 | 1146.7 |
               +--------+--------+--------+--------+--------+-----+--------+

Top non-repeatable levels by time:
     D:1: 1461 daAuts
     D:2: 1255 daAuts
     D:3: 724 daAuts
